 Dungeon Crawl Stone Soup version 0.28.0-49-g6dfe1f597d (webtiles) character file.

Game seed: 7347996324515243120

187 Zeld the Chiller (level 5, -1/42 HPs)
             Began as a Ghoul Ice Elementalist on May 17, 2022.
             Was an Initiate of Sif Muna.
             Slain by a gnoll
             ... wielding a +0 flail
              (13 damage)
             ... on level 3 of the Dungeon.
             The game lasted 00:06:57 (4687 turns).

Zeld the Chiller (Ghoul Ice Elementalist)           Turns: 4687, Time: 00:06:58

Health: -1/42      AC:  2    Str: 12    XL:     5   Next: 66%
Magic:  8/8        EV: 12    Int: 12    God:    Sif Muna [......]
Gold:   153        SH:  0    Dex:  9    Spells: 2/9 levels left

rFire   . . .      SeeInvis .   (no weapon)
rCold   + . .      Faith    .   (no shield)
rNeg    + + +      Spirit   .   a - +0 robe
rPois   ∞          Reflect  .   (no helmet)
rElec   .          Harm     .   (no cloak)
rCorr   .          Rampage  .   (no gloves)
Will    .....                   (no boots)
Stlth   ++........              (no amulet)
HPRegen 0.00/turn               (no ring)
MPRegen 0.11/turn               (no ring)

@: inhibited regen
A: claws 1, cold resistance 1, negative energy resistance 3, inhibited
regeneration, torment resistance 2
a: Renounce Religion


You were on level 3 of the Dungeon.
You worshipped Sif Muna.
Sif Muna was noncommittal.
You visited 1 branch of the dungeon, and saw 4 of its levels.

You collected 153 gold pieces.

Inventory:

Armour
 a - a +0 robe (worn)
Wands
 g - a wand of paralysis (10)
Scrolls
 b - a scroll of enchant armour {unknown}
 c - 4 scrolls of brand weapon {unknown}
 e - 3 scrolls of identify {unknown}
 f - a scroll of torment {unknown}
 h - 4 scrolls of teleportation {unknown}
 j - a scroll of fear {unknown}
 k - 2 scrolls of magic mapping {unknown}
 m - a scroll of vulnerability {unknown}
 n - a scroll of noise {unknown}
Potions
 d - 5 potions of curing {unknown}
 i - a potion of haste {unknown}
 l - a potion of attraction {unknown}


   Skills:
 * Level 2.4 Fighting
 + Level 2.4 Dodging
 + Level 3.1 Stealth
 * Level 2.8 Spellcasting
 * Level 5.3 Ice Magic


You had 2 spell levels left.
You knew the following spells:

 Your Spells              Type           Power      Damage    Failure   Level
a - Freeze                Ice            56%        1d7       2%          1
b - Frozen Ramparts       Ice            28%        1d4       9%          3
c - Ozocubu's Armour      Ice            14%        N/A       9%          3

Your spell library contained the following spells:

 Spells                   Type           Power      Damage    Failure   Level
 Hailstorm                Conj/Ice       8%         3d4       63%         4


Dungeon Overview and Level Annotations

Branches:
Dungeon (4/15)
 Temple: D:4-7

Altars:
Dithmenos
Elyvilon
Fedhas
Qazlal
Ru
Sif Muna
Trog
Uskayaw
Xom
Zin


Innate Abilities, Weirdness & Mutations

You thrive by killing the living.
You are immune to poison.
You have sharp fingernails.
Your flesh is cold resistant. (rC+)
You are immune to negative energy. (rN+++)
You do not regenerate when monsters are visible.
You are immune to unholy pain and torment.


Message History

The wyvern skeleton bites you! The wyvern skeleton closely misses you.
The wyvern skeleton bites you but does no damage.
The wyvern skeleton bites you but does no damage.
There is a stone staircase leading down here.
There is a stone staircase leading down here.
The goblin shoots a stone.
The stone hits you but does no damage. The wyvern skeleton bites you!
The wyvern skeleton bites you.
* * * LOW HITPOINT WARNING * * *
There is a stone staircase leading up here.
The wyvern skeleton bites you.
* * * LOW HITPOINT WARNING * * *
You climb upwards.
There is a stone staircase leading down here.
You start resting.
HP restored.
You start waiting.
Done waiting.
You climb downwards.
The wyvern skeleton barely misses you. The wyvern skeleton bites you!
The gnoll hits you with a +0 flail.
The goblin shoots a stone.
The stone closely misses you.
There is a stone staircase leading up here.
The wyvern skeleton closely misses you. The gnoll hits you with a +0 flail!
The goblin shoots a stone.
The stone hits you but does no damage. The wyvern skeleton bites you.
* * * LOW HITPOINT WARNING * * *
You climb upwards.
There is a stone staircase leading down here.
A gnoll is nearby!
A gnoll is nearby!
Casting: Freeze (safe; 2% risk of failure)
Confirm with . or Enter, or press ? or * to list all spells.
Aiming: Freeze (safe; 2% risk of failure)
Press: ? - help, Shift-Dir - straight line, f - gnoll
Aim: a gnoll, wielding a +0 flail
Okay, then.
You see here 27 arrows.
The gnoll hits you with a +0 flail!
You die...

#8)8##.....# #.##...
#..#.#..########.##...
#..#.....(............
#.####................
#.# #..###.######..##
#.# ##......# #..##
##.###.......# #....
##...##.#####.###
#.### #.....#@# #...#
#.# #)....g.# #.#.#
#.# #.....#.# #.#.#
#.# ##>..##.#####.#.#
#.# ######.......#.#
#.# ###..####.####.#
####............#
#.>........######
#.###.######


You could see a gnoll.

Vanquished Creatures
  A jelly (D:4)
  An orc wizard (D:3)
  3 gnolls
  3 adders
  4 dart slugs
  2 orcs (D:3)
  4 bats
  3 endoplasms
  5 giant cockroaches
  6 goblins
  7 hobgoblins
  4 jackals (D:3)
  3 quokkas
  4 ball pythons
  4 frilled lizards
  7 kobolds
  6 rats
67 creatures vanquished.

Notes
Turn   | Place    | Note
-------+----------+-------------------------------------------
     0 | D:1      | Zeld the Ghoul Ice Elementalist began the quest for the
                  | Orb.
     0 | D:1      | Reached XP level 1. HP: 14/14 MP: 2/2
   157 | D:1      | Reached XP level 2. HP: 12/22 MP: 0/3
   722 | D:1      | Found a faded altar of an unknown god.
   893 | D:1      | Reached skill level 1 in Fighting
   893 | D:1      | Reached XP level 3. HP: 23/28 MP: 0/5
   897 | D:1      | Learned a level 3 spell: Frozen Ramparts
  2095 | D:2      | Reached XP level 4. HP: 29/35 MP: 3/6
  2150 | D:2      | Learned a level 3 spell: Ozocubu's Armour
  2689 | D:2      | Identified the +2 plate armour of the Neverending People
                  | {*Corrode rElec Str+6 Dex+2}
  2953 | D:3      | Reached skill level 5 in Ice Magic
  3333 | D:3      | Found a shimmering blue altar of Sif Muna.
  3347 | D:3      | Reached XP level 5. HP: 39/41 MP: 2/8
  3352 | D:3      | Became a worshipper of Sif Muna the Loreminder
  3485 | D:3      | Found a hide-covered altar of Uskayaw.
  3486 | D:3      | Found a bloodstained altar of Trog.
  3496 | D:3      | Found a shadowy altar of Dithmenos.
  3497 | D:3      | Found a sacrificial altar of Ru.
  3497 | D:3      | Found a stormy altar of Qazlal.
  3497 | D:3      | Found a blossoming altar of Fedhas.
  3523 | D:3      | Found a shimmering altar of Xom.
  4687 | D:3      | Slain by a gnoll

Illustrated notes

Levels and vault maps discovered:
D:1:      minmay_arrival_glassed_features, layout_basic,
          shapermc_ecumenical_altar_mp_urbaneastern
D:2:      layout_rooms
D:3:      layout_loops_ring, minitemple, kennysheep_orc_sif_temple,
          grunt_ministairs_9
D:4:      layout_layer_cave, pdpol_temple_overflow_zin_treasury_gozag_greed,
          minmay_temple_entry_glassed_door, uniq_crazy_yiuf_cottage

Skill      XL: |  1  2  3  4 |
---------------+-------------+-----
Spellcasting   | 2 |  2.8
Fighting       | 1 2 |  2.4
Dodging        | 2 |  2.4
Ice Magic      | 5 |  5.3
Stealth        | 3 |  3.1

Action                   |  1- 3 |  4- 6 || total
-------------------------+-------+-------++-------
Melee: Unarmed           |    39 |    32 ||    71
       Punch             |       |     1 ||     1
 Cast: Freeze            |    33 |    69 ||   102
       Frozen Ramparts   |       |     1 ||     1
 Stab: Sleeping          |     2 |     1 ||     3
Armor: Robe              |     8 |    21 ||    29
Dodge: Dodged            |    51 |    66 ||   117
